 Dungeon Crawl Stone Soup version 0.21-a0-401-g0b6bec4 (webtiles) character file.

345 Madydog the Shield-Bearer (level 6, -7/53 HPs)
             Began as a Minotaur Fighter on Oct 23, 2017.
             Killed by divine providence
             ... invoked by an orc priest
              (14 damage)
             ... on level 5 of the Dungeon.
             The game lasted 00:15:04 (2249 turns).

Madydog the Shield-Bearer (Minotaur Fighter)        Turns: 2249, Time: 00:15:04

Health: -7/53      AC: 12    Str: 22    XL:     6   Next: 32%
Magic:  5/5        EV:  4    Int:  5    God:
Gold:   100        SH:  9    Dex: 10    Spells: 5/5 levels left

rFire    . . .     SeeInvis .   a - +0 long sword
rCold    . . .     Gourm    .   c - +0 shield
rNeg     . . .     Faith    .   v - +0 plate armour
rPois    .         Spirit   .   (helmet restricted)
rElec    .         Reflect  .   (no cloak)
rCorr    .         Harm     .   p - +0 pair of gloves
MR       .....                  (no boots)
Stlth    ..........             (no amulet)
HPRegen  0.17/turn              z - ring of loudness (curse)
MPRegen  0.09/turn              (no ring)

@: heavily drained
A: retaliatory headbutt, horns 2
a: no special abilities


You were on level 5 of the Dungeon.
You were hungry.

You visited 1 branch of the dungeon, and saw 4 of its levels.

You collected 100 gold pieces.

Inventory:

Hand Weapons
 a - a +0 long sword (weapon)
 g - a +0 short sword
 h - a +4 dagger of freezing
 i - a +0 short sword
 l - a +0 club
 u - a +0 hunting sling
 E - a +0 scythe
Missiles
 j - 2 javelins (quivered)
 m - 116 stones
Armour
 b - a +0 scale mail
 c - a +0 shield (worn)
 p - a +0 pair of gloves (worn)
 v - a +0 plate armour (worn)
 y - a +0 ring mail
Jewellery
 z - a cursed ring of loudness (left hand)
 C - a +4 ring of strength {unknown}
Scrolls
 e - a scroll of immolation {unknown}
 k - 3 scrolls of identify {unknown}
 r - 2 scrolls of remove curse {unknown}
 t - 4 scrolls of blinking {unknown}
 w - 2 scrolls of magic mapping {unknown}
Potions
 d - a potion of might
 n - 2 potions of heal wounds {unknown}
 o - a potion of ambrosia {unknown}
 q - a potion of curing {unknown}
 s - 2 potions of cancellation {unknown}
 x - a potion of brilliance {unknown}
Comestibles
 f - a bread ration
 A - 4 fruits
 B - a meat ration


   Skills:
 + Level 4.5(3.3) Fighting
 + Level 5.1(3.9) Long Blades
 + Level 4.9(3.7) Armour
 + Level 1.0(0.0) Dodging
 + Level 0.1(0.0) Stealth
 + Level 5.6(4.3) Shields


You had 5 spell levels left.
You didn't know any spells.

Dungeon Overview and Level Annotations

Branches:
Dungeon (3/15)

Altars:
Cheibriados
Ru


Innate Abilities, Weirdness & Mutations

You reflexively headbutt those who attack you in melee.
You have a pair of horns on your head.


Message History

* * * LOW HITPOINT WARNING * * *
You block the worker ant's attack.
The iguana bites you but does no damage.
A worker ant comes into view.
The worker ant twitches its antennae in your direction.
The crimson imp blinks!
Found a stone staircase leading down.
The worker ant bites you but does no damage.
Found 14 gold pieces.
You block the worker ant's attack.
Found 11 gold pieces.
The iguana hisses menacingly.
Found a blue potion.
An orc comes into view. It is wielding a club.
The crimson imp blinks!
The worker ant bites you.
* * * LOW HITPOINT WARNING * * *
You block the orc's attack.
The orc priest invokes the aid of Beogh against you.
Beogh smites you!
You die...

#################
#.....aoa@...$...
#.......o........
#.......l........
#....o..s...$....
#................
#..........>.....
#..).........o!..
#................
#........$....


You could see a scorpion, an iguana, 2 worker ants, an orc priest and 3 orcs.

Vanquished Creatures
  Sigmund (D:3)
  Robin (D:3)
  A gnoll (D:1)
  6 adders
  2 oozes
  8 dart slugs
  2 leopard geckos
  An orc (D:5)
  A ball python (D:2)
  4 giant cockroaches
  14 goblins
  13 hobgoblins
  2 jackals (D:1)
  10 kobolds
  3 quokkas
  7 bats
  3 frilled lizards
  5 rats
84 creatures vanquished.

Notes
Turn   | Place    | Note
-------+----------+-------------------------------------------
     0 | D:1      | Madydog the Minotaur Fighter began the quest for the Orb.
     0 | D:1      | Reached XP level 1. HP: 19/19 MP: 0/0
   281 | D:1      | Reached XP level 2. HP: 27/27 MP: 1/1
   343 | D:1      | Reached XP level 3. HP: 23/33 MP: 2/2
   895 | D:2      | Reached XP level 4. HP: 38/40 MP: 3/3
   910 | D:2      | Found a sacrificial altar of Ru.
  1182 | D:2      | Found a sacrificial altar of Ru.
  1887 | D:3      | Noticed Robin
  1898 | D:3      | Noticed Sigmund
  1907 | D:3      | Reached XP level 5. HP: 39/46 MP: 4/4
  1916 | D:3      | Killed Robin
  1948 | D:3      | Found a snail-covered altar of Cheibriados.
  2025 | D:3      | Killed Sigmund
  2025 | D:3      | Reached skill level 5 in Long Blades
  2025 | D:3      | Reached skill level 1 in Dodging
  2025 | D:3      | Reached skill level 5 in Shields
  2025 | D:3      | Reached XP level 6. HP: 37/53 MP: 5/5
  2230 | D:3      | You fall through a shaft for 2 floors!
  2230 | D:5      | Entered Level 5 of the Dungeon
  2249 | D:5      | Killed from afar by an orc priest

Vault maps used:
D:1:      nzn_arrival_settlement, minmay_misc_feat_secret_circle,
          minmay_misc_feat_five, minmay_hexomino_c4
D:2:      lemuel_crystal_altar, nicolae_ru_path_of_blood
D:3:      lemuel_round_altar, nicolae_underground_beach, uniq_sigmund,
          uniq_robin
D:5:      minmay_temple_entry_butterflies, first_bread, nicolae_alphabet_shops,
          uniq_duvessa, uniq_edmund

Skill      XL: |  1  2  3  4  5 |
---------------+----------------+-----
Armour         | 4 |  4.9
Shields        | 4 5 |  5.6
Fighting       | 4 |  4.5
Long Blades    | 3 4 5 |  5.1
Dodging        | 1 |  1.0
Stealth        | |  0.1

Action                   |  1- 3 |  4- 6 || total
-------------------------+-------+-------++-------
Melee: Long sword        |    89 |   136 ||   225
       Headbutt          |    13 |    15 ||    28
  Eat: Chunk             |       |     4 ||     4
Armor: Scale mail        |    51 |       ||    51
       Plate armour      |     3 |    96 ||    99
Dodge: Dodged            |    27 |    21 ||    48
Block: Shield            |    55 |   100 ||   155
       Rpst.: Long sword |     9 |     6 ||    15

Table legend:
 A = Spawn XP
 B = Non-spawn XP
 C = Spawn XP percentage of total XP
 D = Spawn monster count
 E = Non-spawn monster count
 F = Spawn count percentage of total count
 G = Total turns spent on level
                    A         B        C        D         E        F      G
               +---------+---------+-------+---------+---------+-------+---------
         Total |       0 |     494 |   0.0 |       0 |      84 |   0.0 |  2249
               +---------+---------+-------+---------+---------+-------+---------
           D:1 |       0 |      68 |   0.0 |       0 |      26 |   0.0 |   731
           D:2 |       0 |      66 |   0.0 |       0 |      21 |   0.0 |   779
           D:3 |       0 |     357 |   0.0 |       0 |      36 |   0.0 |   720
           D:5 |       0 |       3 |   0.0 |       0 |       1 |   0.0 |    19
               +---------+---------+-------+---------+---------+-------+---------
